 Dungeon Crawl Stone Soup version 0.26.1-2-gb8aa6d0cf2 (webtiles) character file.

Game seed: 9558459634107294586

156 Gnirx the Digger (level 5, -12/28 HPs)
             Began as a Gargoyle Earth Elementalist on Feb 28, 2021.
             Mangled by an orc warrior
             ... wielding a +0 flail
              (18 damage)
             ... on level 2 of the Dungeon.
             The game lasted 00:04:53 (2402 turns).

Gnirx the Digger (Gargoyle Earth Elementalist)      Turns: 2402, Time: 00:04:54

Health: -12/28     AC:  8    Str: 12    XL:     5   Next: 37%
Magic:  6/10       EV: 16    Int: 16    God:
Gold:   144        SH:  0    Dex: 10    Spells: 10/11 levels left

rFire    . . .     SeeInvis .   k - +0 flail
rCold    . . .     Faith    .   (no shield)
rNeg     + . .     Spirit   .   c - +1 robe
rPois    ∞         Reflect  .   (no helmet)
rElec    +         Harm     .   (no cloak)
rCorr    .         Rampage  .   (no gloves)
Will     .....                  t - +0 pair of boots
Stlth    ++........             (no amulet)
HPRegen  0.09/turn              h - +4 ring of evasion
MPRegen  0.12/turn              (no ring)

@: no status effects
A: negative energy resistance 1, electricity resistance, unbreathing,
petrification resistance, miasma immunity, AC +4
a: no special abilities


You were on level 2 of the Dungeon.
You visited 1 branch of the dungeon, and saw 3 of its levels.

You collected 144 gold pieces.

Inventory:

Hand Weapons
 k - a +0 flail (weapon)
 l - a +0 short sword
 p - a +1 mace
Missiles
 b - 145 stones
 d - 13 arrows
Armour
 c - a +1 robe (worn)
 t - a +0 pair of boots (worn)
Jewellery
 h - a +4 ring of evasion (left hand)
Scrolls
 g - a scroll of teleportation
 i - 2 scrolls of blinking
 j - 3 scrolls of fog
 q - 2 scrolls of enchant armour
 s - a scroll of identify
Potions
 a - 2 potions of might {unknown}
 e - a potion of cancellation {unknown}
 f - a potion of brilliance {unknown}
 m - a potion of flight {unknown}
 n - a potion of curing {unknown}


   Skills:
 - Level 1.5 Dodging
 - Level 2.1 Stealth
 + Level 3.7 Spellcasting
 - Level 0.7 Transmutations
 + Level 5.6 Earth Magic


You had 10 spell levels left.
You knew the following spells:

 Your Spells              Type           Power        Failure   Level
a - Sandblast             Erth           42%          1%          1

Your spell library contained the following spells:

 Spells                   Type           Power        Failure   Level
 Passwall                 Tmut/Erth      10%          7%          2
 Stone Arrow              Conj/Erth      24%          16%         3
 Petrify                  Tmut/Erth      13%          43%         4
 Lee's Rapid Deconstruct  Erth           10%          43%         5


Dungeon Overview and Level Annotations

Branches:
Dungeon (3/15)

Altars:
Ru
Xom

Annotations:
D:3 Robin


Innate Abilities, Weirdness & Mutations

You are resistant to torment.
Your stone body is resilient. (AC +4)
You are immune to poison.
You resist negative energy. (rN+)
You are resistant to electric shocks. (rElec)
You can survive without breathing.
You are immune to petrification.
You are immune to miasma.


Message History

Aiming: Sandblast (safe; 1% risk of failure)
Press: ? - help, Q - select action, (/) - cycle Shift-Dir - straight line, f/p - orc
Aim: an orc, wielding a +0 club and wearing a +0 scale mail (17% to evade)
The blast of sand hits the orc!
You kill the orc!
The rat closely misses you.
Aiming: Sandblast (safe; 1% risk of failure)
Press: ? - help, Q - select action, (/) - cycle Shift-Dir - straight line, f - orc warrior, p - orc
Aim: an orc warrior, wielding a +0 flail and wearing a +0 plate armour (19% to evade)
The blast of sand misses the orc warrior.
The orc warrior hits you with a +0 flail.
* * * LOW HITPOINT WARNING * * *
The orc closely misses you. The rat barely misses you.
Aiming: Sandblast (safe; 1% risk of failure)
Press: ? - help, Q - select action, (/) - cycle Shift-Dir - straight line, f/p - orc warrior
Aim: an orc warrior, wielding a +0 flail and wearing a +0 plate armour (19% to evade)
The blast of sand hits the orc warrior but does no damage.
The orc warrior hits you with a +0 flail!!
Ouch! That really hurt!
You die...

#######.########......######.# #
#####...........^.^...####.## #
#...............^_^.........### #
#.#############.^^^............ #
#.# #.....####.#..### # #.#
###.### #.#..# # # #.# #.# #....#
# # #.# ######.######..#.# # #
#.# ##oo@rg>....##..#.# # # #.#
##..o###.###.##..#.# # ###.#
###.....##.# #.....#.# # ..#.#
#..........# #####.#.### #.#.###
#.#.....##.# #....÷.
......####.##...###.#########.###
#.#......#.###.## #..)........#
..###.##.#.# #.## #.###########
#.# #.##.#.# #..# #.#


You could see an orc warrior, 2 orcs, a goblin and a rat.

Vanquished Creatures
  2 orc wizards (D:2)
  Terence (D:2)
  3 adders (D:2)
  A worm (D:2)
  A dart slug (D:1)
  A leopard gecko (D:1)
  4 orcs (D:2)
  3 giant cockroaches (D:2)
  4 goblins
  5 hobgoblins
  A quokka (D:2)
  3 bats
  4 frilled lizards
  3 kobolds
  5 rats
41 creatures vanquished.

Vanquished Creatures (others)
  22 plants (D:1)
22 creatures vanquished.

Grand Total: 63 creatures vanquished

Notes
Turn   | Place    | Note
-------+----------+-------------------------------------------
     0 | D:1      | Gnirx the Gargoyle Earth Elementalist began the quest for
                  | the Orb.
     0 | D:1      | Reached XP level 1. HP: 10/10 MP: 3/3
   255 | D:1      | Reached skill level 4 in Earth Magic
   255 | D:1      | Reached XP level 2. HP: 8/15 MP: 5/5
   932 | D:2      | Reached XP level 3. HP: 16/19 MP: 7/7
  1194 | D:2      | Found a shimmering altar of Xom.
  1371 | D:2      | Noticed Terence
  1396 | D:2      | Killed Terence
  1397 | D:2      | Reached XP level 4. HP: 14/24 MP: 3/8
  1585 | D:2      | Reached skill level 5 in Earth Magic
  1904 | D:2      | Found a sacrificial altar of Ru.
  1928 | D:2      | Reached XP level 5. HP: 27/28 MP: 5/10
  2203 | D:3      | Noticed an orc warrior
  2205 | D:3      | Noticed Robin
  2402 | D:2      | Mangled by an orc warrior

Illustrated notes

Levels and vault maps discovered:
D:1:      roderic_crop_circles_arrival_small, layout_rooms,
          minmay_split_cup_large
D:2:      layout_loops_ring, nicolae_ru_great_annihilating_truth,
          xom_teletrap_fun, uniq_terence
D:3:      layout_loops_ring, marbit_many_paths, uniq_natasha, uniq_robin

Skill      XL: |  1  2  3  4 |
---------------+-------------+-----
Earth Magic    | 4 5 |  5.6
Spellcasting   | 3 |  3.7
Dodging        | |  1.5
Stealth        | |  2.1
Transmutations | |  0.7

Action                   |  1- 3 |  4- 6 || total
-------------------------+-------+-------++-------
Melee: Unarmed           |    53 |       ||    53
       Mace              |    51 |    65 ||   116
       Short sword       |    16 |       ||    16
       Flail             |       |    19 ||    19
 Cast: Sandblast         |    10 |     8 ||    18
  Use: Scroll            |     6 |     3 ||     9
 Stab: Sleeping          |     1 |     1 ||     2
Armor: Robe              |    41 |    39 ||    80
Dodge: Dodged            |   101 |   106 ||   207
